cohdb
Replays
Latest Replays
All Replays
Popular Replays
Top Player Replays
Match Explorer
How It Works
Community
CoH3 Stats
Reddit
Sign in to upload your games and track your stats! →
Sign in with Steam
the early weasel kill save the game
Match 13273768
Overview
Messages
Build Orders
End
Panzergrenadier Squad
Panzergrenadier Squad
Selects Italian Combined Arms Battlegroup
Selects Bersaglieri Squad
Panzergrenadier Squad
Construct Light Support Kompanie
Fire Support Elements
MG34 Team
Flakvierling Half-track
Selects Vehicle Support - Secure Location
2.5-tonne Medical Truck
Grenade Package
Pak 38 Mechanized Group
Construct Panzerarmee Kommand
Selects Breda Model 30 Light Machine Guns
Selects Semovente da 75/18 Assault Gun
Panzer III L Medium Tank
WilllTHENOOBz
JLODGE
① Janko ★
Dirkradix
0
0
Comments
sign in to comment!
No comments posted yet!